 Dungeon Crawl Stone Soup version 0.24.0-29-g8ce449bc06 (webtiles) character file.

Game seed: 4263931210083815078, levelgen mode: deterministic

276 Gumption the Vexing (level 6, 0/47 HPs)
             Began as a Gnoll Arcane Marksman on Nov 14, 2019.
             Was an Initiate of Makhleb.
             Slain by a wyvern (10 damage)
             ... on level 4 of the Dungeon.
             The game lasted 00:24:11 (3370 turns).

Gumption the Vexing (Gnoll Arcane Marksman)         Turns: 3370, Time: 00:24:12

Health: 0/47       AC:  3    Str: 14    XL:     6   Next: 25%
Magic:  11/11      EV: 15    Int: 15    God:    Makhleb [......]
Gold:   193        SH:  0    Dex: 16    Spells: 5/11 levels left

rFire    . . .     SeeInvis .   b - +0 dagger (venom)
rCold    . . .     Gourm    .   (no shield)
rNeg     . . .     Faith    .   g - +0 robe
rPois    .         Spirit   .   (no helmet)
rElec    .         Reflect  .   p - scarf {repulsion}
rCorr    .         Harm     .   s - +0 pair of gloves
MR       .....                  (no boots)
Stlth    ++........             (no amulet)
HPRegen  0.15/turn              (no ring)
MPRegen  0.12/turn              (no ring)

@: repel missiles
A: distributed training, fangs 1, strong nose
a: Renounce Religion


You were on level 4 of the Dungeon.
You worshipped Makhleb.
Makhleb was noncommittal.
You were very hungry.

You visited 1 branch of the dungeon, and saw 4 of its levels.

You collected 193 gold pieces.

Inventory:

Hand Weapons
 a - a +0 hand crossbow
 b - a +0 dagger of venom (weapon)
Missiles
 c - 17 poisoned darts
 d - 37 bolts
 h - 4 boomerangs (quivered)
 i - 85 stones
Armour
 g - a +0 robe (worn)
 p - a scarf of repulsion (worn)
 s - a +0 pair of gloves (worn)
Jewellery
 k - an uncursed ring of fire {unknown}
 r - a cursed -2 ring of intelligence {unknown}
 u - an uncursed ring of poison resistance {unknown}
Wands
 w - a wand of digging (3)
 z - a wand of polymorph (3)
Scrolls
 f - a scroll of teleportation {unknown}
 l - a scroll of amnesia {unknown}
 m - a scroll of blinking {unknown}
 o - a scroll of immolation {unknown}
 t - a scroll of enchant armour {unknown}
 x - a scroll of random uselessness {unknown}
 y - a scroll of remove curse {unknown}
Potions
 j - 2 potions of flight
 n - a potion of curing
 q - 2 potions of mutation
 v - a potion of invisibility
 A - a potion of brilliance {unknown}
Comestibles
 e - 6 rations


   Skills:
 + Level 3.1 Fighting
 + Level 1.8 Short Blades
 + Level 1.8 Long Blades
 + Level 1.8 Axes
 + Level 1.8 Maces & Flails
 + Level 1.8 Polearms
 + Level 1.8 Staves
 + Level 1.8 Slings
 + Level 1.8 Bows
 + Level 4.9 Crossbows
 + Level 1.8 Throwing
 + Level 1.8 Armour
 + Level 4.9 Dodging
 + Level 1.8 Stealth
 + Level 1.8 Shields
 + Level 1.8 Unarmed Combat
 + Level 3.3 Spellcasting
 + Level 1.4 Conjurations
 + Level 5.6 Hexes
 + Level 1.4 Charms
 + Level 1.4 Summonings
 + Level 1.4 Necromancy
 + Level 1.4 Translocations
 + Level 1.4 Transmutations
 + Level 1.4 Fire Magic
 + Level 1.4 Ice Magic
 + Level 1.4 Air Magic
 + Level 1.4 Earth Magic
 + Level 1.4 Poison Magic
 + Level 2.0 Invocations
 + Level 1.8 Evocations


You had 5 spell levels left.
You knew the following spells:

 Your Spells              Type           Power        Failure   Level  Hunger
a - Corona                Hex            ###....      1%          1    None
b - Slow                  Hex            ###.....     3%          2    ##.....
c - Portal Projectile     Hex/Tloc       ##....       14%         3    ###....

Your spell library contained the following spells:

 Spells                   Type           Power        Failure   Level  Hunger
 Inner Flame              Hex/Fire       ##......     14%         3    ###....
 Cause Fear               Hex            ###.......   19%         4    ####...
 Leda's Liquefaction      Hex/Erth       ##........   41%         4    ####...


Dungeon Overview and Level Annotations

Branches:
Dungeon (4/15)
 Temple: D:4-7

Altars:
Dithmenos
Makhleb
Yredelemnul


Innate Abilities, Weirdness & Mutations

Your experience applies equally to all skills.
You have very sharp teeth.
Your uncanny sense of smell can sniff out nearby items.


Message History

The wyvern is heavily wounded.
The wyvern bites you!
* * * LOW HITPOINT WARNING * * *
The wyvern bites you but does no damage.
You are feeling very hungry.
The wyvern completely misses you. The wyvern misses you.
There is an open door here.
The wyvern misses you.
You closely miss the wyvern.
The wyvern is almost dead.
The wyvern looks more healthy.
The wyvern bites you!
* * * LOW HITPOINT WARNING * * *
You hit the wyvern.
The wyvern is almost dead.
The wyvern misses you. The wyvern bites you!
* * * LOW HITPOINT WARNING * * *
You feel better. The wyvern bites you!
You die...

#..............#...#............#
#..............#...#............+
#..............#...#............#
#..............#...#............#
#.>............'...#............#
#..............#####............#
#.#####.....####..#....####.....#
#.....'.....#.....#....# #.....'
#.....#.....'..l@.#....# #.....#
##....#.....###'###....## #.....#
##....#######....#......# #######
#.......# #.....'......#
#.......# #.....#......#
######### #######......# ########


You could see a wyvern.

Vanquished Creatures
  A bullfrog (D:4)
  A scorpion (D:4)
  Ijyb (D:4)
  5 adders
  An ooze (D:1)
  5 worms
  3 dart slugs
  A leopard gecko (D:1)
  A ball python (D:3)
  2 giant cockroaches
  13 goblins
  6 hobgoblins
  7 jackals (D:1)
  A quokka (D:3)
  8 bats
  4 frilled lizards
  4 kobolds
  5 rats
69 creatures vanquished.

Notes
Turn   | Place    | Note
-------+----------+-------------------------------------------
     0 | D:1      | Gumption the Gnoll Arcane Marksman began the quest for the
                  | Orb.
     0 | D:1      | Reached XP level 1. HP: 17/17 MP: 4/4
   145 | D:1      | Reached XP level 2. HP: 23/23 MP: 5/5
   276 | D:1      | Learned a level 2 spell: Slow
   542 | D:1      | Reached XP level 3. HP: 21/28 MP: 1/7
   951 | D:2      | Reached skill level 1 in Invocations
  1071 | D:2      | Reached skill level 1 in Short Blades
  1071 | D:2      | Reached skill level 1 in Long Blades
  1071 | D:2      | Reached skill level 1 in Axes
  1071 | D:2      | Reached skill level 1 in Maces & Flails
  1071 | D:2      | Reached skill level 1 in Polearms
  1071 | D:2      | Reached skill level 1 in Staves
  1071 | D:2      | Reached skill level 1 in Slings
  1071 | D:2      | Reached skill level 1 in Bows
  1071 | D:2      | Reached skill level 1 in Throwing
  1071 | D:2      | Reached skill level 1 in Armour
  1071 | D:2      | Reached skill level 1 in Stealth
  1071 | D:2      | Reached skill level 1 in Shields
  1071 | D:2      | Reached skill level 1 in Unarmed Combat
  1071 | D:2      | Reached skill level 1 in Evocations
  1130 | D:2      | Found a basalt altar of Yredelemnul.
  1132 | D:2      | Found a shadowy altar of Dithmenos.
  1197 | D:2      | Reached XP level 4. HP: 26/34 MP: 8/8
  1419 | D:2      | Learned a level 3 spell: Portal Projectile
  1748 | D:2      | Reached skill level 1 in Conjurations
  1748 | D:2      | Reached skill level 1 in Charms
  1748 | D:2      | Reached skill level 1 in Summonings
  1748 | D:2      | Reached skill level 1 in Necromancy
  1748 | D:2      | Reached skill level 1 in Translocations
  1748 | D:2      | Reached skill level 1 in Transmutations
  1748 | D:2      | Reached skill level 1 in Fire Magic
  1748 | D:2      | Reached skill level 1 in Ice Magic
  1748 | D:2      | Reached skill level 1 in Air Magic
  1748 | D:2      | Reached skill level 1 in Earth Magic
  1748 | D:2      | Reached skill level 1 in Poison Magic
  2106 | D:3      | Reached XP level 5. HP: 40/40 MP: 9/9
  2565 | D:3      | Found a burning altar of Makhleb.
  2565 | D:3      | Noticed a cacodemon
  2570 | D:3      | Noticed a smoke demon
  2570 | D:3      | Noticed an orange demon
  2572 | D:3      | Became a worshipper of Makhleb the Destroyer
  2850 | D:4      | Noticed a wyvern
  2983 | D:4      | Noticed Ijyb
  3055 | D:4      | Killed Ijyb
  3096 | D:4      | Reached XP level 6. HP: 14/47 MP: 9/11
  3370 | D:4      | Slain by a wyvern

Levels and vault maps discovered:
D:1:      minmay_arrival_widening_spiral_wide, layout_rooms,
          kennysheep_pointless_box
D:2:      layout_loops_ring, chequers_temple_overflow_statue_of_worship,
          hex_large
D:3:      layout_loops_ring, makhleb_altar_promises_db, minmay_goblin_outpost
D:4:      layout_gridville, overflow_temple_1_default, first_ration, uniq_ijyb

Skill      XL: |  1  2  3  4  5 |
---------------+----------------+-----
Invocations    | 1 2 |  2.0
Short Blades   | 1 |  1.8
Long Blades    | 1 |  1.8
Axes           | 1 |  1.8
Maces & Flails | 1 |  1.8
Polearms       | 1 |  1.8
Staves         | 1 |  1.8
Slings         | 1 |  1.8
Bows           | 1 |  1.8
Throwing       | 1 |  1.8
Armour         | 1 |  1.8
Stealth        | 1 |  1.8
Shields        | 1 |  1.8
Unarmed Combat | 1 |  1.8
Evocations     | 1 |  1.8
Spellcasting   | 3 |  3.3
Conjurations   | 1 |  1.4
Charms         | 1 |  1.4
Summonings     | 1 |  1.4
Necromancy     | 1 |  1.4
Translocations | 1 |  1.4
Transmutations | 1 |  1.4
Fire Magic     | 1 |  1.4
Ice Magic      | 1 |  1.4
Air Magic      | 1 |  1.4
Earth Magic    | 1 |  1.4
Poison Magic   | 1 |  1.4
Fighting       | 3 |  3.1
Crossbows      | |  4.9
Dodging        | |  4.9
Hexes          | |  5.6

Action                   |  1- 3 |  4- 6 || total
-------------------------+-------+-------++-------
Melee: Short sword       |    62 |       ||    62
       Dagger            |    33 |    96 ||   129
       Bite              |     5 |     7 ||    12
 Fire: Hand crossbow     |     5 |    11 ||    16
Throw: Boomerang         |    20 |    27 ||    47
       Dart              |     1 |       ||     1
 Cast: Corona            |    10 |       ||    10
       Slow              |     1 |       ||     1
       Portal Projectile |       |     1 ||     1
  Use: Scroll            |       |     5 ||     5
       Potion            |       |     1 ||     1
 Stab: Sleeping          |     1 |     1 ||     2
       Distracted        |     1 |       ||     1
  Eat: Chunk             |     1 |     6 ||     7
Armor: Robe              |    12 |    22 ||    34
Dodge: Dodged            |    69 |    78 ||   147
       Deflected         |       |     1 ||     1
